 Dungeon Crawl Stone Soup version 0.18-b1-22-ge198996 (webtiles) character file.

129 shmeve the Skirmisher (level 5, -7/33 HPs)
             Began as a Gargoyle Fighter on May 4, 2016.
             Was an Initiate of Okawaru.
             Killed by divine providence
             ... invoked by an orc priest
              (14 damage)
             ... on level 3 of the Dungeon.
             The game lasted 00:05:20 (2107 turns).

shmeve the Skirmisher (Gargoyle Fighter)            Turns: 2107, Time: 00:05:21

Health: -7/33      AC: 15    Str: 20    XL:     5   Next: 12%
Magic:  5/5        EV:  4    Int:  9    God:    Okawaru [......]
Gold:   101        SH:  9    Dex:  9    Spells: 0 memorised, 4 levels left

rFire  . . .     SeeInvis .     a - +0 war axe
rCold  . . .     Gourm    +     q - +0 plate armour
rNeg   + . .     Faith    .     c - +0 shield
rPois  ∞         Spirit   .     (no helmet)
rElec  +         Dismiss  .     (no cloak)
rCorr  .         Reflect  .     (no gloves)
SustAt .         Harm     .     (no boots)
MR     .....                    o - amulet of the gourmand (curse)
Stlth  ..........               (no ring)
                                p - ring of stealth

@: not resistant to hostile enchantments, extremely unstealthy
A: negative energy resistance 1, electricity resistance, unbreathing,
petrification resistance, rot immunity, AC +4
a: Renounce Religion


You were on level 3 of the Dungeon.
You worshipped Okawaru.
Okawaru was noncommittal.
You were completely stuffed.

You visited 1 branch of the dungeon, and saw 3 of its levels.

You collected 101 gold pieces.

Inventory:

Hand Weapons
 a - a +0 war axe (weapon)
Armour
 c - a +0 shield (worn)
 q - a +0 plate armour (worn)
Jewellery
 o - a cursed amulet of the gourmand (around neck)
 p - a ring of stealth (left hand)
Scrolls
 e - a scroll of immolation {unknown}
 j - 2 scrolls of blinking {unknown}
 k - a scroll of teleportation {unknown}
 l - a scroll of enchant armour {unknown}
 m - 2 scrolls of identify {unknown}
Potions
 d - a potion of might
 h - a potion of magic {unknown}
 i - 3 potions of curing {unknown}
 n - a potion of heal wounds {unknown}
 r - a potion of berserk rage {unknown}
 s - 2 potions of flight {unknown}
Comestibles
 b - 2 beef jerkies
 f - 4 bread rations
 g - 2 meat rations
 t - 2 chunks of flesh


   Skills:
 * Level 4.1 Fighting
 * Level 2.7 Axes
 + Level 3.5 Armour
 + Level 1.4 Dodging
 - Level 0.2 Stealth
 * Level 4.0 Shields
 + Level 0.2 Invocations


You had 4 spell levels left.
You didn't know any spells.

Dungeon Overview and Level Annotations

Branches:
Dungeon (3/15)

Altars:
Okawaru
Yredelemnul


Innate Abilities, Weirdness & Mutations

You are resistant to torment.
Your stone body is resilient (AC +4).
You are immune to poison.
You resist negative energy.
You are resistant to electric shocks.
You can survive without breathing.
You are immune to petrification.
You are immune to rotting.


Message History

You block the adder's attack.
The orc priest invokes the aid of Beogh against you.
Pain shoots through your body! You block the orc's attack.
The adder bites you but does no damage. The orc hits you but does no damage.
The orc priest calls down the wrath of Beogh upon you.
Beogh smites you!
* * * LOW HITPOINT WARNING * * *
You barely miss the orc priest.
The orc priest is almost dead.
You closely miss the adder.
The adder is heavily wounded.
You slash the orc!
You kill the orc!
Okawaru accepts your kill.
You closely miss the orc.
The orc is moderately wounded.
The adder bites you but does no damage. The orc hits you but does no damage.
The orc priest invokes the aid of Beogh against you.
Beogh smites you!
You die...

#......# .# ##.####.#
.# #.......# #####.#
#.....### #...$.#
#.###.######.....###.
#>...................
#.###.######.....##
#.###.# #.....#
###.#...######.S@o.#
...............)o†.#
........#....#.....#
.....#.......#.<...#
.....#..............
.....+.......###....#
##.#.#........ .....#
...#.<.......# #....#
.###.........#


You could see an orc priest, an adder and an orc.

Vanquished Creatures
  An orc priest (D:3)
  2 adders (D:2)
  3 worms (D:2)
  3 dart slugs
  4 giant geckos
  2 orcs (D:3)
  3 ball pythons
  3 bats
  3 giant cockroaches
  2 gnoll zombies (D:2)
  6 goblins
  6 hobgoblins
  9 kobolds
  2 quokkas (D:2)
  2 giant newts
  7 rats
58 creatures vanquished.

Notes
Turn   | Place    | Note
--------------------------------------------------------------
     0 | D:1      | shmeve the Gargoyle Fighter began the quest for the Orb.
     0 | D:1      | Reached XP level 1. HP: 14/14 MP: 1/1
   105 | D:1      | Reached XP level 2. HP: 19/19 MP: 2/2
   421 | D:1      | Reached XP level 3. HP: 23/23 MP: 3/3
   677 | D:1      | Reached skill level 1 in Dodging
  1083 | D:2      | Found an iron altar of Okawaru.
  1127 | D:2      | Became a worshipper of Warmaster Okawaru
  1196 | D:2      | Reached XP level 4. HP: 8/29 MP: 4/4
  1842 | D:2      | Found a basalt altar of Yredelemnul.
  2106 | D:3      | Reached XP level 5. HP: 31/33 MP: 5/5
  2107 | D:3      | Killed from afar by an orc priest

Skill      XL: |  1  2  3  4 |
---------------+-------------+-----
Axes           | 2 |  2.7
Dodging        | 1 |  1.4
Fighting       | 4 |  4.1
Shields        | 4 |  4.0
Armour         | |  3.5
Stealth        | |  0.2
Invocations    | |  0.2

Action                   |  1- 3 |  4- 6 || total
-------------------------+-------+-------++-------
Melee: War axe           |   167 |   115 ||   282
  Eat: Chunk             |     4 |    12 ||    16
Armor: Scale mail        |    27 |       ||    27
       Chain mail        |    64 |       ||    64
       Plate armour      |    47 |    95 ||   142
Dodge: Dodged            |    64 |    28 ||    92
Block: Shield            |   111 |    93 ||   204
